Map: Ice and Chrome LE

Players

HeroMarine

  • Race: Terran Terran
  • League: Master
  • Spawn Location: 7:00

Reynor - Winner!

  • Race: Zerg Zerg
  • Spawn Location: 1:00

Event: DreamHack SC2 Masters 2020 Summer Europe

VOD

Have the link to the VOD?

Description

Time

  • Played on: July 7, 2020, 1:07 p.m.
  • Length: 11:27

All games in this series

Show
View Real Time Build Order
Export as new Build Order

HeroMarine Terran 

Build Orders: Hellion Opening, Reaper Expand 

Get SALT Encoding   

  12  0:00  SCV  
  13  0:13  SCV  
  14  0:17  Supply Depot  
  14  0:25  SCV  
  15  0:38  SCV  
  15  0:39  Barracks  
  16  0:43  Refinery  
  16  0:50  SCV  
  17  1:02  SCV  
  18  1:14  SCV  
  19  1:26  Reaper, Orbital Command  
  20  1:39  Command Center  
  20  1:50  Supply Depot  
  20  1:52  SCV  
  21  1:58  Marine  
  22  2:04  SCV  
  22  2:08  Factory  
  23  2:15  Refinery  
  23  2:16  SCV  
  23  2:20  Barracks Reactor  
  24  2:28  SCV  
  25  2:40  SCV  
  26  2:52  SCV  
  26  2:54  Orbital Command, Starport  
  27  3:02  Hellion x2  
  27  3:04  SCV  
  27  3:05  Marine  
  33  3:16  SCV  
  33  3:19  SCV  
  35  3:24  Hellion x2, Supply Depot  
  39  3:28  SCV  
  39  3:31  SCV, Fusion Core  
  41  3:39  Starport Tech Lab  
  41  3:41  SCV  
  42  3:44  SCV  
  42  3:48  Hellion x2  
  47  3:50  Supply Depot  
  47  3:53  SCV  
  48  3:56  SCV  
  48  4:01  Refinery  
  49  4:05  SCV  
  49  4:08  SCV  
  51  4:11  Barracks Tech Lab  
  51  4:14  Supply Depot  
  51  4:20  Battlecruiser  
  51  4:21  SCV x2  
  61  4:33  SCV  
  61  4:36  SCV  
  61  4:39  Marine  
  61  4:41  Barracks  
  61  4:42  Engineering Bay  
  61  4:43  Stimpack, Barracks  
  62  4:47  SCV, Factory Reactor  
  62  4:48  SCV  
  62  4:51  Supply Depot  
  64  4:57  Marine  
  64  4:59  SCV  
  66  5:00  SCV  
  66  5:05  Supply Depot  
  67  5:08  Terran Infantry Weapons Level 1  
  67  5:11  SCV  
  67  5:12  SCV  
  69  5:15  Marine  
  70  5:23  SCV  
  70  5:24  SCV  
  72  5:30  Starport Reactor  
  72  5:31  Marine x2  
  72  5:35  SCV, Marine, Siege Tank  
  78  5:38  Supply Depot  
  78  5:39  Command Center  
  78  5:40  Supply Depot  
  79  5:44  SCV  
  79  5:46  Marine x2  
  79  5:47  SCV  
  79  5:49  Marine x2  
  85  5:55  Refinery  
  85  6:00  Marine  
  86  6:04  Marine x2  
  86  6:07  Supply Depot, Marine, Siege Tank  
  86  6:11  Medivac x2, Marine  
  86  6:18  Marine  
  85  6:22  Marine x2  
  85  6:23  Combat Shield  
  85  6:24  SCV x2, Marine  
  90  6:29  Marine  
  90  6:30  Supply Depot  
  91  6:36  Marine  
  91  6:39  SCV x2  
  94  6:40  Marine x2  
  94  6:41  Medivac x2  
  94  6:42  Marine  
  94  6:43  Siege Tank  
  104  6:48  Marine  
  104  6:53  Orbital Command, Marine, Barracks  
  104  6:54  Barracks  
  106  6:58  Marine x2  
  106  6:59  SCV x2  
  106  7:00  Marine  
  111  7:02  Terran Infantry Armor Level 1  
  111  7:06  Marine  
  110  7:11  Orbital Command, Marine  
  110  7:13  SCV x2  
  113  7:17  Marine  
  113  7:18  Marine  
  115  7:24  Siege Tank  
  115  7:25  SCV x2, Marine  
  115  7:26  Marine  
  115  7:29  Marine  
  123  7:32  Medivac x2  
  123  7:33  Supply Depot  
  123  7:34  Supply Depot  
  123  7:35  Marine  
  128  7:37  SCV x2  
  128  7:42  Marine  
  128  7:44  Orbital Command  
  129  7:50  Marine x2  
  125  7:53  Barracks Reactor x2, SCV x2  
  115  8:05  SCV x2, Marine  
  104  8:06  Marine x2  
  104  8:07  Siege Tank, Liberator  
  113  8:15  Liberator  
  113  8:16  Marine  
  113  8:17  Marine  
  118  8:23  Marine x3  
  121  8:31  Marine  
  121  8:32  Marine  
  121  8:34  Marine x3  
  123  8:35  Marine  
  127  8:41  Marine x3  
  129  8:49  Marine x2  
  129  8:52  Marine x4  
  135  8:56  Medivac  
  135  8:57  Siege Tank  
  135  8:58  Medivac  
  135  8:59  Marine x2  
  135  9:00  Marine  
  145  9:07  Marine x2  
  145  9:09  Marine  
  146  9:10  Marine x2  
  146  9:15  Marine  
  146  9:16  Supply Depot x2  
  146  9:17  Marine x2  
  150  9:19  Marine  
  126  9:25  Marine x2  
  126  9:27  Marine  
  126  9:28  Marine x2  
  105  9:33  Marine  
  105  9:34  Marine, Siege Tank  
  105  9:35  Marine  
  105  9:37  Marine  
  111  9:41  Liberator x2  
  111  9:42  Marine  
  111  9:43  Marine  
  111  9:45  Marine x2  
  120  9:46  Marine  
  120  9:51  Marine  
  120  9:52  Marine x2  
  123  9:55  Marine  
  116  10:00  Marine  
  116  10:01  Marine  
  116  10:03  Marine x3  
  121  10:09  Marine  
  121  10:10  Marine x2  
  121  10:12  Marine, Siege Tank  
  128  10:18  Marine x2  
  128  10:21  Marine x2  
  131  10:26  Marine x2  
  131  10:28  Marine x2  
  135  10:41  Marine x2  
  110  10:43  Marine  
  110  10:44  Siege Tank  
  110  10:45  Marine x2  
  110  10:47  Marine x2  
  110  10:48  Marine x2  
  121  10:59  Marine x2  
  121  11:00  Marine  
  123  11:04  Marine  
  123  11:05  Marine  
Show
View Real Time Build Order
Export as new Build Order

Reynor Zerg - Winner!

Build Orders: Hatch First 

Get SALT Encoding   

  12  0:00  Drone  
  13  0:12  Overlord  
  13  0:16  Drone  
  14  0:30  Drone x2  
  16  0:47  Hatchery  
  15  0:51  Drone  
  15  0:54  Drone  
  17  0:58  Drone  
  18  1:06  Drone  
  18  1:08  Extractor  
  18  1:16  Spawning Pool  
  17  1:20  Drone  
  18  1:28  Drone  
  19  1:38  Drone  
  20  1:48  Drone  
  21  2:03  Zergling x2, Queen x2  
  21  2:04  Zergling x2  
  27  2:18  Hatchery  
  27  2:21  Drone  
  27  2:22  Overlord  
  27  2:26  Drone  
  28  2:35  Drone  
  28  2:42  Pneumatized Carapace  
  28  2:43  Drone x2  
  30  2:45  Drone  
  30  2:50  Queen  
  33  2:56  Overlord  
  33  2:58  Drone  
  33  3:01  Drone  
  33  3:04  Drone  
  36  3:13  Metabolic Boost  
  36  3:15  Drone x3  
  36  3:17  Drone  
  40  3:20  Drone  
  40  3:23  Overlord  
  41  3:29  Queen  
  41  3:31  Drone  
  41  3:33  Drone  
  45  3:35  Drone  
  45  3:37  Drone  
  45  3:41  Overlord  
  47  3:42  Drone  
  47  3:45  Zergling x4  
  50  3:49  Drone x2  
  50  3:53  Queen  
  54  3:57  Drone x2  
  54  3:58  Drone  
  57  4:05  Queen  
  57  4:08  Zergling x4  
  57  4:09  Overlord  
  61  4:11  Drone  
  61  4:13  Drone  
  61  4:14  Drone  
  64  4:18  Drone  
  64  4:19  Drone  
  64  4:20  Overlord  
  66  4:25  Roach Warren  
  66  4:26  Drone  
  66  4:28  Drone x2  
  66  4:29  Drone  
  69  4:33  Queen  
  69  4:35  Drone  
  69  4:36  Drone  
  69  4:38  Drone  
  74  4:39  Overlord  
  74  4:40  Drone  
  74  4:42  Zergling x2  
  76  4:46  Evolution Chamber  
  76  4:48  Spore Crawler, Queen, Extractor  
  76  4:49  Evolution Chamber  
  76  4:51  Drone, Extractor  
  75  4:53  Zergling x4  
  75  4:56  Drone x2  
  78  5:01  Zergling x2  
  78  5:03  Drone  
  78  5:04  Drone x3  
  83  5:10  Overlord  
  83  5:12  Drone  
  83  5:13  Lair  
  84  5:14  Zerg Ground Armor Level 1  
  84  5:16  Drone  
  84  5:18  Drone  
  84  5:19  Baneling Nest  
  84  5:20  Drone  
  86  5:22  Drone x2  
  86  5:23  Zergling x2  
  86  5:24  Zergling x2  
  86  5:27  Overlord  
  90  5:29  Drone x2  
  90  5:32  Overlord  
  90  5:33  Drone  
  90  5:35  Drone x2  
  95  5:37  Zergling x4, Extractor  
  96  5:45  Overlord  
  96  5:47  Drone  
  96  5:48  Drone  
  96  5:49  Zerg Melee Weapons Level 1  
  94  5:51  Drone x2  
  94  5:52  Drone x3  
  98  5:59  Zergling x6  
  98  6:00  Extractor  
  99  6:04  Overlord  
  99  6:07  Zergling x6  
  99  6:08  Zergling x4  
  102  6:12  Centrifical Hooks  
  101  6:19  Overlord  
  101  6:22  Hatchery  
  101  6:24  Zergling x10  
  106  6:33  Hatchery, Overlord  
  106  6:37  Hatchery  
  106  6:39  Zergling x10  
  110  6:45  Zergling x6  
  113  6:47  Baneling x4  
  113  6:49  Baneling x7  
  113  6:56  Zergling x2  
  113  6:57  Zergling x14  
  113  7:00  Overlord  
  121  7:05  Overlord  
  121  7:06  Baneling x4  
  117  7:10  Zergling x6  
  117  7:12  Zergling x2  
  117  7:13  Zerg Ground Armor Level 2  
  120  7:17  Baneling x5  
  120  7:19  Zergling x8  
  124  7:23  Zergling x6  
  124  7:25  Drone x2  
  124  7:27  Hydralisk Den  
  124  7:28  Baneling x3  
  124  7:29  Zergling x2  
  128  7:34  Zergling x2  
  128  7:35  Zergling x2  
  130  7:39  Drone  
  126  7:46  Zergling x4  
  126  7:47  Drone  
  126  7:48  Drone  
  126  7:49  Overlord  
  126  7:50  Drone  
  130  7:52  Zergling x4  
  130  8:00  Hydralisk x4  
  131  8:08  Muscular Augments  
  131  8:09  Infestation Pit  
  131  8:10  Drone x3  
  131  8:11  Drone x2  
  131  8:12  Hydralisk x2  
  132  8:15  Zergling x6  
  132  8:16  Zergling x2  
  140  8:20  Hatchery, Hydralisk  
  140  8:21  Zergling x2, Hydralisk x2  
  140  8:23  Baneling x10  
  140  8:25  Zergling x2  
  147  8:29  Drone  
  147  8:30  Extractor  
  147  8:32  Hydralisk, Baneling x5  
  147  8:33  Zergling x2  
  150  8:36  Zergling x2  
  150  8:38  Overlord  
  151  8:43  Zergling x2  
  151  8:44  Overlord  
  151  8:46  Drone x2  
  148  8:51  Zerg Melee Weapons Level 2  
  148  8:53  Overlord  
  148  8:54  Extractor  
  148  8:55  Hive, Spore Crawler, Extractor  
  145  8:59  Drone x7  
  145  9:01  Overlord  
  153  9:02  Zergling x2  
  153  9:03  Zergling x6  
  156  9:13  Hydralisk  
  156  9:14  Zergling x10  
  159  9:18  Hydralisk  
  159  9:19  Zergling x12, Grooved Spines  
  159  9:22  Zergling x2, Hydralisk  
  148  9:26  Hydralisk  
  148  9:27  Zergling x6  
  148  9:30  Hydralisk  
  148  9:31  Zergling x2  
  133  9:32  Hydralisk  
  133  9:34  Baneling x3  
  133  9:35  Baneling x3  
  133  9:41  Drone  
  133  9:42  Baneling x4  
  133  9:43  Zergling x14, Baneling  
  141  9:46  Hydralisk  
  139  9:53  Zergling x2, Hydralisk x2  
  139  9:54  Zergling x6  
  139  9:55  Hydralisk  
  143  10:03  Spore Crawler, Drone x2  
  143  10:06  Drone x3  
  143  10:07  Drone x2  
  144  10:11  Hydralisk  
  144  10:12  Zergling x4  
  144  10:13  Zergling x2  
  149  10:16  Spore Crawler  
  149  10:18  Viper x2  
  148  10:23  Zergling x12  
  148  10:25  Drone x2  
  148  10:26  Drone  
  154  10:30  Hydralisk  
  151  10:35  Hydralisk  
  151  10:36  Zergling x6  
  151  10:39  Zergling x6, Hydralisk  
  145  10:43  Queen  
  145  10:45  Zergling x6  
  145  10:46  Baneling x3  
  149  10:50  Zergling x2  
  149  10:51  Zergling x8  
  149  10:55  Drone x2  
  156  10:57  Baneling x5  
  156  11:01  Zergling x6  
  155  11:05  Baneling x7  
  155  11:06  Zergling x6  
  155  11:10  Zergling x6  
Tags
 
Add a new tag
Caveats
  • Supply blocks, unpowered buildings, or Contaminate may cause inaccurate times.
  • Supply counts are checked every 10 seconds.